 Dungeon Sprint DCSS version 0.31-a0-204-g7da18cac08 (webtiles) character file.

Game seed: 10341150301416662323

132 rocky1 the Cleaver (level 8, -4/118 HPs)
             Began as a Minotaur Fighter on June 28, 2023.
             Was an Initiate of Gozag.
             Slain by Menkaure (13 damage)
             ... in the Dungeon (Sprint VI: "Thunderdome").
             The game lasted 00:07:00 (552 turns).

rocky1 the Cleaver (Minotaur Fighter)                Turns: 552, Time: 00:07:01

Health: -4/118     AC: 12    Str: 18    XL:     8   Next: 43%
Magic:  7/7        EV: 10    Int:  5    God:    Gozag
Gold:   109        SH:  6    Dex: 12    Spells: 7/7 levels left

rFire   + + .        a - +0 broad axe
rCold   + + .        c - +0 buckler
rNeg    + . .        o - +0 scale mail
rPois   +            q - +0 hat of the Farrier {rC++ rCorr Str-2 Dex+3}
rElec   +            (no cloak)
rCorr   +            (no gloves)
SInv    +            (no boots)
Will    .....        t - amulet "Noazy" {RegenMP rElec rN+ Str-3 Slay+3} Stlth
                     r - ring "Duemitta" {Fly Str+3 SInv}
HPRegen 0.39/turn    s - ring "Egifinyi" {rPois rF++ AC+4 Str-4 Stlth+}
MPRegen 0.50/turn

%: no teleportation
@: berserking (expiring), gold aura, flying, very quick
A: horns 2, retaliatory headbutt
a: Renounce Religion, Potion Petition, Call Merchant, Bribe Branch


You were in the Dungeon.
You worshipped Gozag.
Gozag was aware of your devotion.
You visited 1 branch You collected 1273 gold pieces.
You spent 1164 gold pieces at shops.

Inventory:

Hand Weapons
 a - a +0 broad axe (weapon)
 b - a +0 hand crossbow
 p - a +0 war axe
 u - a +4 war axe
Armour
 c - a +0 buckler (worn)
 o - a +0 scale mail (worn)
 q - the +0 hat of the Farrier (worn) {rC++ rCorr Str-2 Dex+3}
   (You bought it in a shop in the Dungeon)

   Str:       It affects your strength (-2).
   Dex:       It affects your dexterity (+3).
   rC:        It greatly protects you from cold.
   rCorr:     It protects you from acid and corrosion.
Jewellery
 r - the ring "Duemitta" (left hand) {Fly Str+3 SInv}
   (You bought it in a shop in the Dungeon)

   [ring of flight]

   Str:       It affects your strength (+3).
   SInv:      It lets you see invisible.
   Fly:       It grants you flight.
 s - the ring "Egifinyi" (right hand) {rPois rF++ AC+4 Str-4 Stlth+}
   (You bought it in a shop in the Dungeon)

   [ring of protection]

   AC:        It affects your AC (+4).
   Str:       It affects your strength (-4).
   rF:        It greatly protects you from fire.
   rPois:     It protects you from poison.
   Stlth:     It makes you more stealthy.
 t - the amulet "Noazy" (around neck) {RegenMP rElec rN+ Str-3 Slay+3}
   (You bought it in a shop in the Dungeon)

   [amulet of magic regeneration]

   It increases your rate of magic regeneration.
   Str:       It affects your strength (-3).
   Slay:      It affects your accuracy & damage with ranged weapons and melee
   (+3).
   rElec:     It insulates you from electricity.
   rN:        It protects you from negative energy.
Wands
 l - a wand of acid (5)
 m - a wand of iceblast (3)
Scrolls
 j - 4 scrolls of blinking
 n - 3 scrolls of fog
Potions
 d - a potion of might
 e - 5 potions of curing
 f - 7 potions of heal wounds
 g - 4 potions of haste
 h - 2 potions of magic
 k - a potion of resistance


   Skills:
 + Level 10.1 Fighting
 * Level 13.6 Axes
 * Level 6.7 Ranged Weapons
 + Level 10.1 Armour
 + Level 1.2 Dodging
 + Level 0.2 Stealth
 + Level 8.8 Shields
 - Level 0.4 Evocations


You had 7 spell levels left.
You didn't know any spells.
Your spell library was empty.

Dungeon Overview and Level Annotations

Branches:
Dungeon (1/1)

Altars:
Cheibriados
Dithmenos
Fedhas
Gozag
Kikubaaqudgha
Makhleb
Okawaru
Qazlal
Ru
Sif Muna
Trog
Uskayaw
Vehumet
Wu Jian
Xom
Yredelemnul
Zin
The Shining One
Lugonu

Shops:
D *[??*?*:[((!!!!

Annotations:
D Menkaure


Innate Abilities, Weirdness & Mutations

You have a pair of horns on your head.
You reflexively headbutt those who attack you in melee.


Message History

Welcome back, rocky1 the Minotaur Fighter.
Gozag says: Greed is good.
Press ? for a list of commands and other information.
a - a +0 broad axe (weapon)
You hit the mummy.
The mummy is severely damaged.
The mummy hits you.
Menkaure mumbles, "It doesn't hurt if you pull your brain out of your nose yourself."
You hit the mummy.
You destroy the mummy!
Your Axes skill increases to level 13!
Unknown command.
A red film seems to cover your vision as you go berserk!
You feel yourself moving faster!
You feel mighty!
Menkaure calls on the powers of darkness!
Your body is wracked with pain!
You are too injured to fight recklessly!
You are too injured to fight recklessly!
You are too injured to fight recklessly!
You are too injured to fight recklessly!
You slash the guardian mummy!
Your headbutt misses the guardian mummy.
The guardian mummy is moderately damaged.
Menkaure calls on the powers of darkness!
Your body is wracked with pain!
* * * LOW HITPOINT WARNING * * *
You slice the guardian mummy!!
You destroy the guardian mummy!
You feel extremely nervous for a moment...
Your body is wracked with pain!
* * * LOW HITPOINT WARNING * * *
Your Fighting skill increases to level 10!
Your Armour skill increases to level 10!
Menkaure casts a spell at you. Pain shoots through your body!
* * * LOW HITPOINT WARNING * * *
You feel a strong urge to attack something.
Menkaure hits you!
You die...
Your body crumbles into a pile of gold.

##### ##⌠⌠⌠## #.....# ##.....##
##∩.....∩## #∩.......∩#
#_..M...._# #....@..._#
#_.....$._# ###....[..$.###
#⌠...........⌠#
######.8.........8.######
##.__....[..###...$.._._∩##
###∩........8.# #.8........∩###
##.............###.............##
#⌠..........###...###..........⌠#


You could see Menkaure (fast).

Vanquished Creatures
  A guardian mummy (D)
  A wraith (D)
  Sigmund (D)
  3 wights (D)
  4 jellies (D)
  3 mummies (D)
  2 spectral bats (D)
  An endoplasm (D)
  A hobgoblin (D)
  A ball python (D)
  2 rats (D)
20 creatures vanquished.

Notes
Turn   | Place    | Note
-------+----------+-------------------------------------------
     0 | D        | rocky1 the Minotaur Fighter began the quest for the Orb.
     0 | D        | Reached XP level 1. HP: 19/19 MP: 0/0
     3 | D        | Found a stormy altar of Qazlal.
     4 | D        | Found a basalt altar of Yredelemnul.
     5 | D        | Found an iron altar of Okawaru.
     5 | D        | Found a shadowy altar of Dithmenos.
     5 | D        | Round 1.
     6 | D        | Found an opulent altar of Gozag.
     6 | D        | Found a glowing golden altar of the Shining One.
     6 | D        | Found Faomegod's Identification Station.
     7 | D        | Found Gowk's Jewellery.
     7 | D        | Found Ofyobid's Advanced Armour.
     9 | D        | Found an ornate altar of the Wu Jian Council.
    10 | D        | Found a shimmering blue altar of Sif Muna.
    14 | D        | Became a worshipper of Gozag Ym Sagoz the Greedy
    18 | D        | Found a shimmering altar of Xom.
    18 | D        | Found Yczuica's Premium Goods.
    18 | D        | Found Ustrompae's Miscellaneous Merchandise.
    20 | D        | Found Magoab's Basic Armour.
    21 | D        | Found a hide-covered altar of Uskayaw.
    21 | D        | Found a radiant altar of Vehumet.
    21 | D        | Found Ciug's Weapon Rack.
    26 | D        | Found a snail-covered altar of Cheibriados.
    27 | D        | Found a blossoming altar of Fedhas.
    28 | D        | Found Peid's Do-It-Yourself Clinic.
    28 | D        | Found a corrupted altar of Lugonu.
    28 | D        | Found a sacrificial altar of Ru.
    28 | D        | Found Qefrataf's Distillery.
    29 | D        | Found Wuschacru's Bottled Wisdom.
    29 | D        | Found Guwk's Distillery.
    32 | D        | Found a glowing silver altar of Zin.
    37 | D        | Found a burning altar of Makhleb.
    39 | D        | Found an ancient bone altar of Kikubaaqudgha.
    40 | D        | Found Luxatuf's Staff Store.
    41 | D        | Found a bloodstained altar of Trog.
    41 | D        | Found Ryghoc's Magic Scroll Shop.
    41 | D        | Found Kegeaj's Must-Have Magic.
    41 | D        | Found Fuloh's Magic Scroll Shop.
    44 | D        | Noticed Sigmund
    48 | D        | Killed Sigmund
    49 | D        | Reached skill level 4 in Axes
    49 | D        | Reached XP level 2. HP: 35/35 MP: 1/1
    49 | D        | Reached XP level 3. HP: 40/40 MP: 2/2
    49 | D        | Reached XP level 4. HP: 48/48 MP: 3/3
    49 | D        | Reached XP level 5. HP: 53/53 MP: 4/4
   113 | D        | Arena points: 12 (+12) [x2]
   128 | D        | Bought a +0 hand crossbow for 105 gold pieces
   128 | D        | Bought a +0 broad axe for 120 gold pieces
   167 | D        | Round 2.
   183 | D        | Reached skill level 1 in Ranged Weapons
   201 | D        | Reached skill level 5 in Axes
   305 | D        | Arena points: 48 (+36) [x3]
   306 | D        | Reached skill level 6 in Axes
   306 | D        | Reached XP level 6. HP: 46/62 MP: 5/5
   328 | D        | Bought a translucent hat for 315 gold pieces
   328 | D        | Identified the +0 hat of the Farrier {rC++ rCorr Str-2
                  | Dex+3} (You bought it in a shop in the Dungeon)
   339 | D        | Bought a clouded golden ring for 45 gold pieces
   339 | D        | Identified the ring "Duemitta" {Fly Str+3 SInv} (You bought
                  | it in a shop in the Dungeon)
   339 | D        | Bought a coiled jade ring for 45 gold pieces
   339 | D        | Identified the ring "Egifinyi" {rPois rF++ AC+4 Str-4
                  | Stlth+} (You bought it in a shop in the Dungeon)
   339 | D        | Bought a wavering ivory amulet for 45 gold pieces
   339 | D        | Identified the amulet "Noazy" {RegenMP rElec rN+ Str-3
                  | Slay+3} (You bought it in a shop in the Dungeon)
   356 | D        | Round 3.
   402 | D        | Reached skill level 7 in Axes
   424 | D        | Bought 4 potions of curing for 84 gold pieces
   424 | D        | Bought 3 potions of heal wounds for 105 gold pieces
   441 | D        | Noticed a wraith
   454 | D        | Killed a wraith
   454 | D        | Arena points: 132 (+84) [x4]
   455 | D        | Reached skill level 8 in Axes
   455 | D        | Reached skill level 5 in Ranged Weapons
   455 | D        | Reached skill level 1 in Dodging
   455 | D        | Reached XP level 7. HP: 60/71 MP: 6/6
   510 | D        | Bought a potion of experience for 300 gold pieces
   511 | D        | Reached skill level 12 in Axes
   511 | D        | Reached XP level 8. HP: 79/79 MP: 7/7
   516 | D        | Round 4.
   539 | D        | Noticed Menkaure
   540 | D        | Noticed a guardian mummy
   548 | D        | Reached skill level 13 in Axes
   550 | D        | Killed a guardian mummy
   551 | D        | Reached skill level 10 in Fighting
   551 | D        | Reached skill level 10 in Armour
   552 | D        | Slain by Menkaure

Illustrated notes

Levels and vault maps discovered:
D:        arena_sprint

Skill      XL: |  1  2  3  4  5  6  7  8 |
---------------+-------------------------+-----
Fighting       | 7 8 9 10 | 10.1
Armour         | 7 8 9 10 | 10.1
Shields        | 7 8 |  8.8
Axes           | 4 6 8 12 13 | 13.6
Ranged Weapons | 2 5 6 |  6.7
Dodging        | 1 |  1.2
Stealth        | |  0.2
Evocations     | |  0.4

Action                     |  1- 3 |  4- 6 |  7- 9 || total
---------------------------+-------+-------+-------++-------
  Melee: War axe           |     5 |    19 |     4 ||    28
         Broad axe         |       |     6 |     4 ||    10
         Headbutt          |       |     7 |     1 ||     8
   Fire: Hand crossbow     |       |    10 |     2 ||    12
  Evoke: Wand              |     2 |       |       ||     2
    Use: Potion            |       |       |     2 ||     2
 Armour: Scale mail        |     1 |    14 |       ||    15
  Dodge: Dodged            |     2 |     9 |     1 ||    12
  Block: Buckler           |     1 |     4 |     1 ||     6

Table legend: (Time is in decaauts)
 A = Elapsed time spent in this place.
 B = Non-inter-level travel time spent in this place.
 C = Inter-level travel time spent in this place.
 D = Time resting spent in this place.
 E = Time spent auto-exploring this place.
 F = Levels seen in this place.
 G = Mean time per level.
                   A        B        C        D        E       F      G
               +--------+--------+--------+--------+--------+-----+--------+
         Total |    563 |    563 |      0 |      0 |     55 |   1 |  563.0 |
       Dungeon |    563 |    563 |      0 |      0 |     55 |   1 |  563.0 |
               +--------+--------+--------+--------+--------+-----+--------+

Top non-repeatable levels by time:
       D: 563 daAuts
